 Dungeon Crawl Stone Soup version 0.30-a0-956-gcec3b41aec (webtiles) character file.

Game seed: 16364222245423900893

1031 leviel the Grappler (level 8, -3/69 (74) HPs)
             Began as a Troll Fighter on Mar 27, 2023.
             Was a Believer of Fedhas.
             Slain by a wight
             ... wielding a +3 mace of freezing
              (10 damage)
             ... on level 6 of the Dungeon on Mar 29, 2023.
             The game lasted 00:10:05 (3972 turns).

leviel the Grappler (Troll Fighter)                 Turns: 3972, Time: 00:10:05

HP:   -3/69 (74)    AC:  4    Str: 27    XL:     8   Next: 3%
MP:   7/7           EV:  8    Int:  4    God:    Fedhas [**....]
Gold: 334           SH:  7    Dex:  9    Spells: 7/7 levels left

rFire   . . .      SeeInvis .      - Unarmed
rCold   . . .      Faith    .    b - +0 kite shield
rNeg    . . .      Spirit   .    a - +0 robe
rPois   .          Reflect  .    (helmet restricted)
rElec   .          Rampage  .    (no cloak)
rCorr   .                        (gloves unavailable)
Will    .....                    (boots unavailable)
Stlth   +                        (no amulet)
HPRegen 1.11/turn                (no ring)
MPRegen 0.10/turn                (no ring)

@: drained
A: large, unfitting armour, claws 3, regeneration 1, shaggy fur 1, tough skin 1
a: Renounce Religion, Wall of Briars


You were on level 6 of the Dungeon.
You worshipped Fedhas.
Fedhas was pleased with you.
You visited 2 branches of the dungeon, and saw 7 of its levels.
You also visited: Ossuary.

You collected 334 gold pieces.

Inventory:

Armour
 a - a +0 robe (worn)
 b - a +0 kite shield (worn)
Wands
 d - a wand of acid (10)
Scrolls
 g - 2 scrolls of fear
 h - 2 scrolls of fog
 j - 4 scrolls of teleportation
 k - a scroll of poison
 n - 2 scrolls of blinking
 o - a scroll of torment
 p - a scroll of magic mapping
 q - a scroll of vulnerability
Potions
 c - 2 potions of invisibility
 f - 3 potions of degeneration
 i - 2 potions of curing
 l - 2 potions of mutation
 m - a potion of flight
 r - a potion of ambrosia


   Skills:
 - Level 2.4 Fighting
 - Level 2.4 Dodging
 - Level 2.7 Shields
 + Level 9.5 Unarmed Combat


You had 7 spell levels left.
You didn't know any spells.
Your spell library contained the following spells:

 Spells                   Type           Power      Damage    Failure   Level
 Sandblast                Erth           0%         2d4       80%         1
 Passwall                 Tmut/Erth      0%         N/A       91%         2
 Stone Arrow              Conj/Erth      0%         3d7       99%         3


Dungeon Overview and Level Annotations

Branches:
Dungeon (6/15)             Temple (1/1) D:6         Ossuary (visited)

Altars:
Ashenzari
Dithmenos
Elyvilon
Fedhas
Gozag
Hepliaklqana
Kikubaaqudgha
Makhleb
Nemelex Xobeh
Ru
Sif Muna
Trog
Uskayaw
Vehumet
Wu Jian
Xom
Zin

Shops:
D:1 :

Annotations:
D:3 1 runed translucent door, Crazy Yiuf


Innate Abilities, Weirdness & Mutations

You are too large for most types of armour.
You have claws for hands.
Your natural rate of healing is unusually fast.
You are covered in fur. (AC +1)
You have tough skin. (AC +1)


Message History

There is a stone staircase leading up here.
There is an escape hatch in the floor here.
You swap places.
Partly explored, can't reach some places.
Partly explored, can't reach some places.
Partly explored, can't reach some places.
Partly explored, can't reach some places.
No target in view!
(D) Dungeon (T) Temple
Where to? (Enter - D:5, ? - help)
There is a stone staircase leading down here.
You climb downwards.
You block the wight's attack. The wight barely misses you.
The steam dragon breathes steam at you. The ball of steam hits you!!
The wight hits you with a +3 mace of freezing!
You feel drained. The wight freezes you.
The wight hits you with a +0 dire flail.
The phantom hits you!
You hear a shout!
You hear a loud, deep croak!
You hear an angry hiss.
There is a stone staircase leading up, spattered with blood here.
(D) Dungeon (T) Temple
Where to? (Enter - D:6, ? - help) You're standing in a cloud of steam!
(D) Dungeon (T) Temple
Where to? (Enter - D:7, ? - help) You're standing in a cloud of steam!
Unknown command.
(D) Dungeon (T) Temple
Where to? (Enter - D:5, ? - help) You're standing in a cloud of steam!
You are engulfed in a cloud of scalding steam.
* * * LOW HITPOINT WARNING * * *
You block the phantom's attack.
The wight hits you with a +0 dire flail!
* * * LOW HITPOINT WARNING * * *
You feel drained.
* * * LOW HITPOINT WARNING * * *
The wight hits you with a +3 mace of freezing!
You die...
Fedhas appreciates your contribution to the ecosystem.

...##.... ###.
..#......... #####..
............. ##.#....
..........#.#
##......###........###
#.....^...#.......#####
#....................#
#.....z.K.............
#...§@§§..D..##..###.#
##...zW.#...###..###..
#########.###....##..
#WD##........
#..z...D....#
##...........
#.##........
####...###.. #...# ###


You could see a kobold brigand, a phantom and 2 wights.

Vanquished Creatures
  A water moccasin (D:5)
  An orc warrior (D:5)
  An ice beast (D:5)
  A centaur (D:5)
  2 scorpions (D:5)
  A howler monkey (D:5)
  2 centaur zombies (Ossuary)
  A jelly (D:4)
  2 hounds (D:4)
  Ijyb (D:3)
  An iguana (D:4)
  2 orc wizards (D:4)
  5 mummies (Ossuary)
  7 gnolls
  2 adders (D:5)
  2 ufetubi (D:5)
  2 worms
  A dart slug (D:3)
  11 orcs
  3 endoplasms
  4 giant cockroaches
  A goblin (D:3)
  6 hobgoblins
  6 kobolds
  4 quokkas
  2 ball pythons
  4 bats
  3 frilled lizards
  5 hobgoblin zombies (Ossuary)
  24 rats
108 creatures vanquished.

Notes
Turn   | Place    | Note
-------+----------+-------------------------------------------
     0 | D:1      | leviel the Troll Fighter began the quest for the Orb.
     0 | D:1      | Reached XP level 1. HP: 22/22 MP: 0/0
     0 | D:1      | Upgraded the game from 0.30-a0-948-g4fa250aae5 to
                  | 0.30-a0-956-gcec3b41aec
   188 | D:1      | Found Viunaciusu's Vocational Training.
   196 | D:1      | Reached XP level 2. HP: 26/29 MP: 1/1
   801 | D:2      | Reached skill level 3 in Unarmed Combat
   916 | D:1      | Reached XP level 3. HP: 16/36 MP: 2/2
  1171 | D:2      | Reached skill level 4 in Unarmed Combat
  1425 | D:3      | Noticed Ijyb
  1443 | D:3      | Killed Ijyb
  1444 | D:3      | Reached XP level 4. HP: 34/44 MP: 3/3
  1504 | D:3      | Found a runed translucent door.
  1505 | D:3      | Noticed Crazy Yiuf
  1524 | D:3      | You fall into a shaft and drop 3 floors!
  1524 | D:6      | Found a staircase to the Ecumenical Temple.
  1529 | Temple   | Entered the Ecumenical Temple
  1578 | Temple   | Became a worshipper of Fedhas Madash
  1604 | D:6      | Noticed a phantom
  1611 | D:6      | Noticed a steam dragon
  1624 | D:6      | Noticed a bullfrog
  1636 | D:6      | Noticed a water moccasin
  1642 | D:6      | Noticed a kobold brigand
  1650 | D:5      | Entered Level 5 of the Dungeon
  1657 | D:5      | Killed a water moccasin
  1658 | D:5      | Reached skill level 5 in Unarmed Combat
  1658 | D:5      | Reached XP level 5. HP: 26/50 MP: 4/4
  1765 | D:4      | Reached skill level 6 in Unarmed Combat
  1798 | D:4      | Reached XP level 6. HP: 56/59 MP: 5/5
  1862 | D:4      | Found a sand-covered staircase.
  1881 | Ossuary  | Entered an ossuary
  1971 | Ossuary  | Reached * piety under Fedhas
  2005 | Ossuary  | Reached skill level 7 in Unarmed Combat
  2236 | D:4      | Reached XP level 7. HP: 61/66 MP: 6/6
  3079 | D:3      | Reached ** piety under Fedhas
  3209 | D:5      | Found a sparkling altar of Nemelex Xobeh.
  3233 | D:5      | Reached skill level 8 in Unarmed Combat
  3694 | D:5      | Found a glowing silver altar of Zin.
  3695 | D:5      | Found a shimmering altar of Xom.
  3698 | D:5      | Found a broken altar of Ashenzari.
  3748 | D:5      | Reached skill level 9 in Unarmed Combat
  3764 | D:5      | Reached XP level 8. HP: 23/74 MP: 7/7
  3972 | D:6      | Slain by a wight

Illustrated notes

Levels and vault maps discovered:
D:1:      scummos_arrival_hexagon, layout_basic, nicolae_shop_vocational
D:2:      layout_basic
D:3:      layout_loops_ring, chequers_serial_rivers_micro_a, minmay_rat_hole,
          uniq_crazy_yiuf_cottage, uniq_ijyb
D:4:      layout_cave_pools, lightli_ossuary_entry_decrepit_ruins,
          grunt_ministairs_4, nicolae_concentric_dashed_squares_wild,
          minmay_fountain_box
D:5:      kennysheep_big_flooded_room, layout_loops_ring, minitemple,
          mainiacjoe_overflow_catwalk, minmay_misc_feat_four_crosses
D:6:      layout_cave_pools, chequers_temple_overflow_statue_of_worship,
          temple_statues
Temple:   nicolae_temple_ecumenical_triangle

Skill      XL: |  1  2  3  4  5  6  7 |
---------------+----------------------+-----
Unarmed Combat | 3 4 5 6 7 9 |  9.5
Fighting       | |  2.4
Dodging        | |  2.4
Shields        | |  2.7

Action                     |  1- 3 |  4- 6 |  7- 9 || total
---------------------------+-------+-------+-------++-------
  Melee: Unarmed           |   104 |    93 |   102 ||   299
    Use: Potion            |     1 |     2 |     1 ||     4
         Scroll            |    10 |     2 |     8 ||    20
   Stab: Invisible         |       |       |     2 ||     2
         Distracted        |       |       |     1 ||     1
 Armour: Robe              |    30 |    22 |    37 ||    89
  Dodge: Dodged            |    50 |    26 |    32 ||   108
  Block: Kite shield       |    41 |    34 |    30 ||   105

Table legend: (Time is in decaauts)
 A = Elapsed time spent in this place.
 B = Non-inter-level travel time spent in this place.
 C = Inter-level travel time spent in this place.
 D = Time resting spent in this place.
 E = Time spent auto-exploring this place.
 F = Levels seen in this place.
 G = Mean time per level.
                   A        B        C        D        E       F      G
               +--------+--------+--------+--------+--------+-----+--------+
         Total |   3987 |   3823 |    164 |    129 |   2848 |   8 |  498.4 |
       Dungeon |   3771 |   3612 |    159 |     83 |   2789 |   6 |  628.5 |
        Temple |     54 |     49 |      5 |      0 |     31 |   1 |   54.0 |
       Ossuary |    160 |    160 |      0 |     46 |     28 |   1 |  160.0 |
               +--------+--------+--------+--------+--------+-----+--------+

Top non-repeatable levels by time:
     D:3: 846 daAuts
     D:5: 842 daAuts
     D:1: 821 daAuts
     D:2: 600 daAuts
     D:4: 587 daAuts
 Ossuary: 160 daAuts
     D:6: 72 daAuts
  Temple: 54 daAuts
